 Dungeon Crawl Stone Soup version 0.24.0-41-g2ae2f7f1be (webtiles) character file.

Game seed: 16592715215345196520, levelgen mode: deterministic

81 FishyPogo the Charmwright (level 4, 0/38 HPs)
             Began as a Gnoll Skald on Dec 14, 2019.
             Was a Follower of Nemelex Xobeh.
             Succumbed to a worker ant's poison
             ... on level 3 of the Dungeon.
             The game lasted 00:04:49 (1575 turns).

FishyPogo the Charmwright (Gnoll Skald)             Turns: 1575, Time: 00:04:49

Health: 0/38       AC:  5    Str: 11 (14) XL:     4   Next: 42%
Magic:  1/11       EV: 13    Int: 13 (15) God:    Nemelex Xobeh [*.....]
Gold:   133        SH:  0    Dex: 14 (15) Spells: 2/13 levels left

rFire    . . .     SeeInvis .   a - +0 falchion
rCold    . . .     Gourm    .   (no shield)
rNeg     + . .     Faith    +   b - +0 leather armour
rPois    .         Spirit   .   m - +1 hat
rElec    .         Reflect  .   n - scarf {repulsion}
rCorr    .         Harm     .   r - +0 pair of gloves
MR       .....                  (no boots)
Stlth    +.........             g - amulet of faith
HPRegen  0.12/turn              t - ring of positive energy
MPRegen  0.12/turn              (no ring)

@: lethally poisoned (0 -> -11), shrouded, very slightly contaminated, lightly
drained, repel missiles
A: distributed training, fangs 1, strong nose
a: Draw Escape, Draw Destruction, Draw Summoning, Renounce Religion


You were on level 3 of the Dungeon.
You worshipped Nemelex Xobeh.
Nemelex Xobeh was aware of your devotion.
You were not hungry.

You visited 1 branch of the dungeon, and saw 3 of its levels.

You collected 133 gold pieces.

Inventory:

Hand Weapons
 a - a +0 falchion (weapon)
 o - a +1 spear of piercing
Missiles
 h - 110 stones (quivered)
Armour
 b - a +0 leather armour (worn)
 m - a +1 hat (worn)
 n - a scarf of repulsion (worn)
 r - a +0 pair of gloves (worn)
Jewellery
 g - an amulet of faith (around neck)
 t - a ring of positive energy (left hand)
Wands
 u - a wand of polymorph (6)
Scrolls
 c - a scroll of remove curse {unknown}
 e - a scroll of fog {unknown}
 i - 3 scrolls of identify {unknown}
 j - a scroll of noise {unknown}
 q - a scroll of magic mapping {unknown}
 s - 2 scrolls of amnesia {unknown}
Potions
 k - a potion of lignification {unknown}
 l - 2 potions of degeneration
 p - a potion of ambrosia {unknown}
Comestibles
 d - 11 rations


   Skills:
 + Level 4.6(4.1) Fighting
 + Level 1.1(0.6) Short Blades
 + Level 4.6(4.1) Long Blades
 + Level 1.1(0.6) Axes
 + Level 1.1(0.6) Maces & Flails
 + Level 1.1(0.6) Polearms
 + Level 1.1(0.6) Staves
 + Level 1.1(0.6) Slings
 + Level 1.1(0.6) Bows
 + Level 1.1(0.6) Crossbows
 + Level 1.1(0.6) Throwing
 + Level 2.7(2.2) Armour
 + Level 4.6(4.1) Dodging
 + Level 1.1(0.6) Stealth
 + Level 1.1(0.6) Shields
 + Level 1.1(0.6) Unarmed Combat
 + Level 5.0(4.5) Spellcasting
 + Level 0.8(0.4) Conjurations
 + Level 0.8(0.4) Hexes
 + Level 5.4(4.9) Charms
 + Level 0.8(0.4) Summonings
 + Level 0.8(0.4) Necromancy
 + Level 0.8(0.4) Translocations
 + Level 0.8(0.4) Transmutations
 + Level 0.8(0.4) Fire Magic
 + Level 0.8(0.4) Ice Magic
 + Level 0.8(0.4) Air Magic
 + Level 0.8(0.4) Earth Magic
 + Level 0.8(0.4) Poison Magic
 + Level 1.2(0.7) Invocations
 + Level 1.1(0.6) Evocations


You had 2 spell levels left.
You knew the following spells:

 Your Spells              Type           Power        Failure   Level  Hunger
h - Regeneration          Chrm/Necr      #.........   26%         3    ###....
n - Spectral Weapon       Hex/Chrm       #.......     26%         3    ###....
p - Shroud of Golubria    Chrm/Tloc      #.....       13%         2    ##.....
u - Song of Slaying       Chrm           ###.....     4%          2    ##.....
y - Infusion              Chrm           ###.         3%          1    None

Your spell library contained the following spells:

 Spells                   Type           Power        Failure   Level  Hunger


Dungeon Overview and Level Annotations

Branches:
Dungeon (3/15)

Altars:
Ashenzari
Dithmenos
Kikubaaqudgha
Nemelex Xobeh
Ru
Xom


Innate Abilities, Weirdness & Mutations

Your experience applies equally to all skills.
You have very sharp teeth.
Your uncanny sense of smell can sniff out nearby items.


Message History

The worker ant is moderately wounded.
Your spectral weapon closely misses the worker ant.
The worker ant bites you.
* * * LOW HITPOINT WARNING * * *
You are more poisoned.
The worker ant poisons you!
You closely miss the worker ant.
The worker ant is moderately wounded.
* * * LOW HITPOINT WARNING * * *
You feel sick.
Your spectral weapon hits the worker ant but does no damage.
The worker ant bites you but does no damage.
Unknown command.
Okay, then.
Unknown command.
It was a potion of degeneration.
There was something very wrong with that liquid.
You feel weakened.
You feel dopey.
You feel clumsy.
You die...
Your body disappears without a glow.

#..##.####.###...## #...
#.##.....# #.. #......... ^..
##........ #.# ##....... .. #.#
##...... ... #.# ##...#) #..
########a## ##.##. #...
........(@## #.##รท
#.###<.###.....## ### #.##.
.###..##..##.......## ##.###.##.
.........##.........####...##.##.
##.......'.........'............
##...####.........####...##.##.
#..## ##.......## ##.###.### #.##
##.....## ### #.# #.# ##>..##
####.#


You could see a worker ant and a friendly spectral +0 falchion.

Vanquished Creatures
  2 adders
  2 oozes (D:2)
  3 worms (D:3)
  A leopard gecko (D:1)
  5 bats
  A giant cockroach (D:1)
  6 goblins
  6 hobgoblins
  3 jackals (D:1)
  4 kobolds (D:1)
  A quokka (D:3)
  5 frilled lizards
  8 rats
47 creatures vanquished.

Notes
Turn   | Place    | Note
-------+----------+-------------------------------------------
     0 | D:1      | FishyPogo the Gnoll Skald began the quest for the Orb.
     0 | D:1      | Reached XP level 1. HP: 20/20 MP: 6/6
   100 | D:1      | Reached XP level 2. HP: 18/26 MP: 0/7
   169 | D:1      | Learned a level 2 spell: Song of Slaying
   172 | D:1      | Learned a level 2 spell: Shroud of Golubria
   322 | D:1      | Reached XP level 3. HP: 25/31 MP: 0/9
   341 | D:1      | Reached skill level 5 in Spellcasting
   350 | D:1      | Learned a level 3 spell: Regeneration
   354 | D:1      | Learned a level 3 spell: Spectral Weapon
   688 | D:2      | Found a sparkling altar of Nemelex Xobeh.
   692 | D:2      | Became a worshipper of Nemelex Xobeh the Trickster
   706 | D:2      | Reached skill level 1 in Invocations
   715 | D:2      | Received a gift from Nemelex Xobeh
   886 | D:2      | Reached skill level 1 in Short Blades
   886 | D:2      | Reached skill level 1 in Axes
   886 | D:2      | Reached skill level 1 in Maces & Flails
   886 | D:2      | Reached skill level 1 in Polearms
   886 | D:2      | Reached skill level 1 in Staves
   886 | D:2      | Reached skill level 1 in Slings
   886 | D:2      | Reached skill level 1 in Bows
   886 | D:2      | Reached skill level 1 in Crossbows
   886 | D:2      | Reached skill level 1 in Throwing
   886 | D:2      | Reached skill level 1 in Stealth
   886 | D:2      | Reached skill level 1 in Shields
   886 | D:2      | Reached skill level 1 in Unarmed Combat
   886 | D:2      | Reached skill level 1 in Evocations
   961 | D:2      | Found a sacrificial altar of Ru.
   961 | D:2      | Found an ancient bone altar of Kikubaaqudgha.
   967 | D:2      | Found a shadowy altar of Dithmenos.
   969 | D:2      | Found a shattered altar of Ashenzari.
   970 | D:2      | Found a shimmering altar of Xom.
  1110 | D:3      | Reached XP level 4. HP: 38/38 MP: 1/11
  1335 | D:3      | Found a faded altar of an unknown god.
  1467 | D:3      | Reached * piety under Nemelex Xobeh
  1513 | D:3      | Received a gift from Nemelex Xobeh
  1574 | D:3      | HP: 1/38 [poisoned by a worker ant]
  1575 | D:3      | Succumbed to a worker ant's poison

Levels and vault maps discovered:
D:1:      sevenhm_arrival_forest_fort_small_1, layout_basic, nrook_mini_vaults
D:2:      layout_rooms, chequers_temple_overflow_minitemple, first_ration,
          nemelex_lonely_heart_becter
D:3:      layout_loops_corners, kennysheep_slug_shrine,
          chequers_ecumenical_altar_simple, amethyst_killhole, lemuel_tele_altar

Skill      XL: |  1  2  3 |
---------------+----------+-----
Spellcasting   | 5 |  5.0
Invocations    | 1 |  1.2
Short Blades   | 1 |  1.1
Axes           | 1 |  1.1
Maces & Flails | 1 |  1.1
Polearms       | 1 |  1.1
Staves         | 1 |  1.1
Slings         | 1 |  1.1
Bows           | 1 |  1.1
Crossbows      | 1 |  1.1
Throwing       | 1 |  1.1
Stealth        | 1 |  1.1
Shields        | 1 |  1.1
Unarmed Combat | 1 |  1.1
Evocations     | 1 |  1.1
Fighting       | |  4.6
Long Blades    | |  4.6
Armour         | |  2.7
Dodging        | |  4.6
Conjurations   | |  0.8
Hexes          | |  0.8
Charms         | |  5.4
Summonings     | |  0.8
Necromancy     | |  0.8
Translocations | |  0.8
Transmutations | |  0.8
Fire Magic     | |  0.8
Ice Magic      | |  0.8
Air Magic      | |  0.8
Earth Magic    | |  0.8
Poison Magic   | |  0.8

Action                   |  1- 3 |  4- 6 || total
-------------------------+-------+-------++-------
Melee: Falchion          |    94 |    32 ||   126
       Bite              |     7 |     4 ||    11
       Punch             |     1 |       ||     1
Throw: Stone             |     1 |     1 ||     2
 Cast: Infusion          |     5 |     1 ||     6
       Shroud of Golubri |     4 |     2 ||     6
       Spectral Weapon   |     1 |     1 ||     2
       Regeneration      |     1 |       ||     1
  Use: Potion            |       |     1 ||     1
 Stab: Sleeping          |     1 |       ||     1
  Eat: Chunk             |     1 |     2 ||     3
Armor: Leather armour    |    30 |     4 ||    34
Dodge: Dodged            |    78 |    22 ||   100
       Rpst.: Falchion   |    21 |     8 ||    29
